 Dungeon Crawl Stone Soup version 0.30.0-10-gfe55d96785 (webtiles) character file.

Game seed: 7690263948786698112

378 Kranky the Poker (level 6, -1/53 HPs)
             Began as a Minotaur Gladiator on May 14, 2023.
             Killed from afar by an orc wizard (9 damage)
             ... with a puff of flame
             ... on level 5 of the Dungeon.
             The game lasted 00:04:03 (2166 turns).

Kranky the Poker (Minotaur Gladiator)               Turns: 2166, Time: 00:04:03

Health: -1/53      AC:  3    Str: 20    XL:     6   Next: 45%
Magic:  5/5        EV: 18    Int:  5    God:
Gold:   178        SH:  0    Dex: 12    Spells: 5/5 levels left

rFire   . . .        a - +0 trident
rCold   . . .        (no shield)
rNeg    + . .        b - +0 leather armour
rPois   .            c - +0 hat
rElec   .            (no cloak)
rCorr   .            (no gloves)
SInv    .            (no boots)
Will    .....        (no amulet)
Stlth   +            h - +5 ring of evasion
HPRegen 0.28/turn    u - ring of positive energy
MPRegen 0.09/turn

%: no passive effects
@: no status effects
A: horns 2, retaliatory headbutt
a: no special abilities


You were on level 5 of the Dungeon.
You visited 1 branch of the dungeon, and saw 4 of its levels.

You collected 178 gold pieces.

Inventory:

Hand Weapons
 a - a +0 trident (weapon)
Missiles
 d - 3 throwing nets (quivered)
 e - 4 javelins
Armour
 b - a +0 leather armour (worn)
 c - a +0 hat (worn)
Jewellery
 h - a +5 ring of evasion (left hand)
 u - a ring of positive energy (right hand)
Wands
 n - a wand of iceblast (7)
 r - a wand of flame (15)
Scrolls
 g - 6 scrolls of identify {unknown}
 j - 3 scrolls of noise {unknown}
 k - a scroll of enchant weapon {unknown}
 l - 3 scrolls of torment {unknown}
 m - 4 scrolls of teleportation {unknown}
 p - a scroll of silence {unknown}
 t - a scroll of blinking {unknown}
Potions
 f - a potion of attraction {unknown}
 i - 2 potions of curing {unknown}
 o - a potion of might {unknown}
 q - 2 potions of heal wounds {unknown}
 s - a potion of degeneration {unknown}


   Skills:
 + Level 4.6 Fighting
 + Level 5.3 Polearms
 + Level 3.7 Throwing
 + Level 4.9 Dodging


You had 5 spell levels left.
You didn't know any spells.
Your spell library contained the following spells:

 Spells                   Type           Power      Damage    Failure   Level
 Lesser Beckoning         Tloc           0%         N/A       67%         2
 Gell's Gravitas          Tloc           0%         N/A       88%         3
 Teleport Other           Tloc           0%         N/A       88%         3


Dungeon Overview and Level Annotations

Branches:
Dungeon (5/15)
 Temple: D:4-7

Altars:
Trog
Zin


Innate Abilities, Weirdness & Mutations

You have a pair of horns on your head.
You reflexively headbutt those who attack you in melee.


Message History

The orc wizard hits you with a +0 dagger.
You are too injured to fight recklessly!
You are too injured to fight recklessly!
You are too injured to fight recklessly!
Unknown command.
You barely miss the orc wizard.
The orc wizard is heavily wounded.
The orc wizard points at you and mumbles some strange words.
The puff of flame hits you.
* * * LOW HITPOINT WARNING * * *
The orc closely misses you. You furiously retaliate!
You headbutt the orc. Something hits you.
* * * LOW HITPOINT WARNING * * *
You closely miss the orc wizard.
The orc wizard is heavily wounded.
The orc wizard hits you with a +0 dagger.
* * * LOW HITPOINT WARNING * * *
The orc completely misses you. Something barely misses you.
Unknown command.
Reach: a) +0 trident
Press: ? - help, Dir - move target, f - orc priest, p - orc wizard
Aim: an orc priest, wielding a +0 dagger (about 40% to evade your +0 trident)
Something you can't see is in the way.
You barely miss something. The orc wizard misses you.
The orc barely misses you. You furiously retaliate!
You headbutt the orc!
You kill the orc!
Something hits you but does no damage.
Reach: a) +0 trident
Press: ? - help, Dir - move target, p - orc priest You reach to attack!
You attack empty space.
The orc wizard barely misses you. Something hits you but does no damage.
The orc priest hits you with a +0 dagger.
* * * LOW HITPOINT WARNING * * *
Unknown command.
You closely miss the orc priest. You headbutt the orc priest!
The orc priest is almost dead.
Something closely misses you.
The orc wizard gestures at you while chanting.
The puff of flame hits you!
You die...

.....# # #.....# #.#
.....# #.....# #.#
####.# #.....# #.#
#### ## #.# #.....#
#.###.... .# #.#
#.....# #.#.....
.###.#.#
#.....###.#..#
.....#.#
#.....'))....########
.#####.#
#...o)###............
.#### .# #...o@#
#....o....... ....#
.#####.....#
#....o.......
###.##.....#.....#
#............ #...#
#.#.....#
#............ ###.#
#.#.....#
#............
#.####...#####
#............
#.....>.##
#............
#########
#............
#............


You could see an orc priest and an orc wizard.

Vanquished Creatures
  An ice beast (D:5)
  2 iguanas (D:5)
  Natasha (thrice) (D:2)
  An orc wizard (D:5)
  4 adders
  A white imp (D:5)
  A worm (D:2)
  A dart slug (D:1)
  8 orcs
  12 endoplasms
  4 giant cockroaches
  2 goblins (D:3)
  7 hobgoblins
  3 jackals (D:2)
  7 quokkas
  8 ball pythons
  2 frilled lizards (D:1)
  3 kobolds
  10 rats
80 creatures vanquished.

Notes
Turn   | Place    | Note
-------+----------+-------------------------------------------
     0 | D:1      | Kranky the Minotaur Gladiator began the quest for the Orb.
     0 | D:1      | Reached XP level 1. HP: 18/18 MP: 0/0
   213 | D:1      | Reached XP level 2. HP: 25/25 MP: 1/1
   412 | D:1      | Reached skill level 4 in Polearms
   490 | D:1      | Reached XP level 3. HP: 31/31 MP: 2/2
   850 | D:2      | Noticed Natasha
   853 | D:2      | Found a glowing silver altar of Zin.
   857 | D:2      | Killed Natasha
   858 | D:2      | Reached XP level 4. HP: 23/38 MP: 3/3
  1141 | D:2      | Noticed Natasha
  1149 | D:2      | Killed Natasha
  1436 | D:2      | Noticed Natasha
  1440 | D:2      | Killed Natasha
  1441 | D:2      | Reached XP level 5. HP: 44/46 MP: 4/4
  1706 | D:3      | Found a bloodstained altar of Trog.
  1835 | D:3      | You fall into a shaft and drop 2 floors!
  1835 | D:5      | Entered Level 5 of the Dungeon
  1845 | D:5      | Noticed an ice beast
  1851 | D:5      | Killed an ice beast
  1852 | D:5      | Reached skill level 5 in Polearms
  1852 | D:5      | Reached XP level 6. HP: 53/53 MP: 5/5
  2166 | D:5      | Killed from afar by an orc wizard

Illustrated notes

Levels and vault maps discovered:
D:1:      lightli_arrival_flooded_house, layout_basic,
          chequers_serial_rivers_room_a, chequers_avenue, minmay_tetromino_t2
D:2:      layout_basic, basic_altar, uniq_natasha
D:3:      layout_rooms, trog_butcher_becter, serial_corexii_hall,
          chequers_hall_statues_y, chequers_hall_statues_y,
          minmay_misc_feat_tiny
D:5:      layout_basic, serial_shops, shop, grunt_ministairs_14,
          hangedman_abyss_or_decor_slice, uniq_blork_the_orc

Skill      XL: |  1  2  3  4  5 |
---------------+----------------+-----
Polearms       | 4 5 |  5.3
Fighting       | 3 4 |  4.6
Dodging        | 4 |  4.9
Throwing       | 3 |  3.7

Action                     |  1- 3 |  4- 6 || total
---------------------------+-------+-------++-------
  Melee: Trident           |    67 |   122 ||   189
         Headbutt          |     9 |    17 ||    26
         Punch             |       |     1 ||     1
   Stab: Sleeping          |     1 |       ||     1
 Armour: Leather armour    |     9 |    11 ||    20
  Dodge: Dodged            |    16 |    55 ||    71
